 Dungeon Crawl Stone Soup version 0.31-a0-977-gc230f8ef24 (webtiles) character file.

Game seed: 9391797548003975674

6323 Arcadio the Fighter (level 10, -8/94 HPs)
             Began as a Ghoul Monk on Oct 29, 2023.
             Was a Believer of Makhleb.
             Mangled by a komodo dragon (21 damage)
             ... on level 1 of the Lair of Beasts.
             The game lasted 00:18:41 (10404 turns).

Arcadio the Fighter (Ghoul Monk)                   Turns: 10404, Time: 00:18:41

Health: -8/94      AC: 13    Str: 20    XL:     10   Next: 95%
Magic:  11/11      EV:  8    Int:  5    God:    Makhleb [**....]
Gold:   474        SH:  0    Dex: 11    Spells: 9/9 levels left

rFire   . .          .
                       - Unarmed
rCold   + . .        c - orb {light}
rNeg    + + +        M - +0 plate armour
rPois   ∞            (no helmet)
rElec   .            E - +0 cloak
rCorr   .            N - +0 pair of gloves
SInv    .            (no boots)
Will    .....        g - amulet of faith Stlth
                     C - ring of wizardry
HPRegen 0.00/turn    (no ring)
MPRegen 0.12/turn

%: faith, wizardry (x1)
@: mighty, inhibited regen, glowing
A: claws 1, cold resistance 1, negative energy resistance 3, inhibited
regeneration, torment resistance 2, devour on kill
a: Renounce Religion, Minor Destruction


You were on level 1 of the Lair of Beasts.
You worshipped Makhleb.
Makhleb was pleased with you.
You visited 3 branches of the dungeon, and saw 11 of its levels.

You collected 514 gold pieces.
You spent 40 gold pieces at shops.

Inventory:

Hand Weapons
 D - a +2 morningstar
Missiles
 y - a throwing net
Armour
 c - an orb of light (worn)
 E - a +0 cloak (worn)
 M - a +0 plate armour (worn)
 N - a +0 pair of gloves (worn)
Jewellery
 g - an amulet of faith (around neck)
 C - a ring of wizardry (left hand)
 H - the ring of the Endless Expanse {rC+ Str+3}
   (You found it on level 8 of the Dungeon)

   [ring of protection from cold]

   Str+3:     It affects your strength (+3).
   rC+:       It protects you from cold.
Wands
 a - a wand of mindburst (4)
 x - a wand of iceblast (2)
 B - a wand of flame (30)
Scrolls
 b - a scroll of poison
 e - 3 scrolls of enchant weapon
 p - a scroll of blinking {unknown}
 s - 3 scrolls of teleportation
 w - 2 scrolls of torment {unknown}
 z - 2 scrolls of immolation
 A - a scroll of vulnerability {unknown}
 F - a scroll of silence {unknown}
 G - a scroll of enchant armour {unknown}
 K - a scroll of noise {unknown}
Potions
 f - a potion of curing
 i - a potion of enlightenment {unknown}
 k - a potion of cancellation {unknown}
 m - 2 potions of haste
 n - a potion of might
 o - a potion of mutation {unknown}
 q - a potion of brilliance {unknown}
 u - a potion of resistance {unknown}
 I - a potion of magic {unknown}
 J - a potion of heal wounds {unknown}
 L - a potion of attraction {unknown}


   Skills:
 + Level 10.7 Fighting
 + Level 2.9 Armour
 - Level 8.2 Dodging
 + Level 10.5 Unarmed Combat
 + Level 3.5 Invocations


You had 9 spell levels left.
You didn't know any spells.
Your spell library contained the following spells:

 Spells                   Type           Power      Damage    Failure   Level
 Necrotise                Necr           0%         1d4       99%         1
 Ensorcelled Hibernation  Hex/Ice        0%         N/A       100%        2
 Jinxbite                 Hex            0%         N/A       100%        2
 Static Discharge         Conj/Air       0%         3-3/arc   100%        2
 Summon Guardian Golem    Hex/Summ       0%         N/A       100%        3
 Tukima's Dance           Hex            0%         N/A       100%        3
 Vampiric Draining        Necr           0%         2d6       100%        3
 Airstrike                Air            0%         2d(0-16)  100%        4
 Anguish                  Hex/Necr       0%         N/A       100%        4
 Dimensional Bullseye     Hex/Tloc       0%         N/A       100%        4
 Iskenderun's Mystic Bla  Conj/Tloc      0%         2d3       100%        4
 Summon Lightning Spire   Summ/Air       0%         N/A       100%        4
 Vhi's Electric Charge    Tloc/Air       0%         N/A       100%        4
 Agony                    Necr           0%         N/A       100%        5
 Arcjolt                  Conj/Air       0%         1d10      100%        5
 Plasma Beam              Fire/Air       0%         2x1d10    100%        6
 Haunt                    Necr/Summ      0%         N/A       100%        7
 Malign Gateway           Summ/Tloc      0%         N/A       100%        7
 Orb of Destruction       Conj           0%         9d5       100%        7
 Spellforged Servitor     Conj/Summ      0%         N/A       100%        7
 Summon Horrible Things   Summ           0%         N/A       100%        8
 Borgnjor's Revivificati  Necr           Unusable   N/A       N/A         8
 Death's Door             Necr           Unusable   N/A       N/A         9

Dungeon Overview and Level Annotations

Branches:
Dungeon (9/15) Zot: 25409  Temple (1/1) D:7 Zot: 5664    Lair (1/5) D:9 Zot: 5314
    Orc: D:9-12

Altars:
Cheibriados
Dithmenos
Fedhas
Gozag
Hepliaklqana
Kikubaaqudgha
Makhleb
Nemelex Xobeh
Okawaru
Qazlal
Ru
Sif Muna
Trog
Uskayaw
Vehumet
Wu Jian
Xom
Yredelemnul

Shops:
D:1 (!   D:4 *   D:6 (

Annotations:
D:3 1 runed translucent door, eyesofgods1's ghost, amateur DsGl


Innate Abilities, Weirdness & Mutations

You are immune to poison.
You have sharp fingernails.
Your flesh is cold resistant. (rC+)
You are immune to negative energy. (rN+++)
You do not regenerate when monsters are visible.
You are immune to unholy pain and torment.
You thrive by killing the living.


Message History

You closely miss the blink frog.
The blink frog is lightly wounded.
The blink frog gives a loud, deep croak!
The blink frog blinks!
You punch the komodo dragon!
The komodo dragon is lightly wounded.
The komodo dragon bites you!!
You punch the komodo dragon!
The komodo dragon is heavily wounded.
The blink frog blinks! x2; The komodo dragon bites you!!
You punch the komodo dragon!
The komodo dragon is severely wounded.
The komodo dragon bites you!!
The blink frog blinks! x2
You hit the komodo dragon but do no damage.
The komodo dragon is severely wounded.
The komodo dragon bites you!
* * * LOW HITPOINT WARNING * * *
The komodo dragon closely misses you.
You feel very mighty all of a sudden.
The blink frog blinks!
The komodo dragon bites you but does no damage.
The blink frog blinks!
The komodo dragon barely misses you.
You punch the komodo dragon!
You kill the komodo dragon!
Makhleb accepts your kill.
You feel better.
The blink frog blinks!
The komodo dragon bites you but does no damage.
You punch the komodo dragon!
The komodo dragon is moderately wounded.
The blink frog barely misses you. The komodo dragon bites you!
* * * LOW HITPOINT WARNING * * *
You barely miss the komodo dragon.
The komodo dragon is moderately wounded.
The blink frog hits you but does no damage.
The blink frog blinks! x2
You punch the komodo dragon!
The komodo dragon is severely wounded.
The blink frog hits you but does no damage.
The komodo dragon bites you!!
You die...

#.#### ##..####
....#. #....[.. ....
##....... ...#
#....#..# #..#
##.###### #..# ###
#§## ##F.# #####
#@lF########P#.##
###..F.#........##
#......F....<....#
#....#........#....
#....#####..#####.#.
#...## #..# ##..
.... #..# ### ...
#.l# # .. #.... #


You could see a komodo dragon and 4 blink frogs.

Vanquished Creatures
  Gastronok (Lair:1)
  A two-headed ogre (D:8)
  2 black mambas (Lair:1)
  A komodo dragon (Lair:1)
  A troll (D:9)
  Grinder (D:3)
  A wyvern (D:9)
  A steam dragon (D:8)
  Edmund (D:4)
  An acid dragon (D:8)
  3 water moccasins
  5 sky beasts
  2 centaurs
  2 phantoms (D:5)
  A kobold brigand (D:8)
  Blork the orc (D:4)
  3 bullfrogs (D:8)
  A gnoll sergeant (D:6)
  2 scorpions
  7 wights (D:7)
  A howler monkey (D:9)
  4 hounds
  A jelly (D:6)
  An orc priest (D:6)
  2 gnoll boudas
  Jessica (D:3)
  4 iguanas
  Crazy Yiuf (D:3)
  6 orc wizards
  9 gnolls
  11 adders
  A shadow imp (D:7)
  A white imp (D:5)
  A worm (D:3)
  A dart slug (D:1)
  17 orcs
  7 bats
  9 endoplasms
  4 giant cockroaches
  3 goblins
  4 hobgoblins
  6 jackals
  4 quokkas
  7 ball pythons
  A frilled lizard (D:2)
  11 kobolds
  3 rats
159 creatures vanquished.

Notes
Turn   | Place    | Note
-------+----------+-------------------------------------------
     0 | D:1      | Arcadio the Ghoul Monk began the quest for the Orb.
     0 | D:1      | Reached XP level 1. HP: 19/19 MP: 0/0
    86 | D:1      | Reached XP level 2. HP: 19/26 MP: 1/1
   165 | D:1      | Found Zaufiph's Distillery.
   193 | D:1      | Bought a potion of curing for 30 gold pieces
   193 | D:1      | Bought a potion of degeneration for 10 gold pieces
   587 | D:1      | Found Duidwyph's Antique Weapon Emporium.
   596 | D:1      | Reached XP level 3. HP: 28/33 MP: 2/2
  1017 | D:2      | Reached XP level 4. HP: 40/40 MP: 3/3
  1729 | D:3      | Found a runed translucent door.
  1729 | D:3      | Noticed eyesofgods1's ghost (amateur DsGl)
  1893 | D:3      | Noticed Grinder
  1906 | D:3      | Noticed Jessica
  1934 | D:3      | Killed Jessica
  1935 | D:3      | Reached XP level 5. HP: 47/47 MP: 4/4
  1952 | D:3      | Found an ornate altar of the Wu Jian Council.
  1956 | D:3      | Paralysed by Grinder for 3 turns
  1961 | D:3      | Killed Grinder
  1962 | D:3      | Reached skill level 5 in Fighting
  1962 | D:3      | Reached skill level 5 in Unarmed Combat
  1962 | D:3      | Reached XP level 6. HP: 32/56 MP: 5/5
  2191 | D:3      | Found a runed translucent door.
  2192 | D:3      | Noticed Crazy Yiuf
  2197 | D:3      | Killed Crazy Yiuf
  2394 | D:4      | Noticed Edmund
  2436 | D:4      | Killed Edmund
  2437 | D:4      | Reached XP level 7. HP: 5/62 MP: 6/6
  2820 | D:4      | Found Puacw's General Store.
  2919 | D:4      | Reached skill level 5 in Dodging
  3139 | D:4      | Noticed Blork the orc
  3152 | D:4      | Killed Blork the orc
  3307 | D:4      | You fall into a shaft and drop 2 floors!
  3307 | D:6      | Found a shimmering blue altar of Sif Muna.
  3390 | D:6      | Reached XP level 8. HP: 30/71 MP: 7/7
  3662 | D:5      | Entered Level 5 of the Dungeon
  5389 | D:6      | Found Ylelliwa's Weapon Shop.
  5991 | D:7      | Reached XP level 9. HP: 55/81 MP: 8/8
  6440 | D:7      | Found a staircase to the Ecumenical Temple.
  6495 | Temple   | Entered the Ecumenical Temple
  6754 | Temple   | Became a worshipper of Makhleb the Destroyer
  6754 | Temple   | Reached * piety under Makhleb
  6754 | Temple   | Reached ** piety under Makhleb
  7062 | D:7      | Found a shadowy altar of Dithmenos.
  7386 | D:8      | Noticed a two-headed ogre
  7395 | D:8      | Killed a two-headed ogre
  7518 | D:8      | Reached XP level 10. HP: 80/91 MP: 9/9
  7665 | D:8      | Identified the ring of the Endless Expanse {rC+ Str+3}
  8425 | D:9      | Found a staircase to the Lair.
  9387 | Lair:1   | Entered Level 1 of the Lair of Beasts
  9408 | Lair:1   | Reached skill level 10 in Fighting
  9430 | Lair:1   | Found a hazy altar of Hepliaklqana.
  9439 | Lair:1   | Noticed a black mamba
  9440 | Lair:1   | Noticed Gastronok
  9474 | Lair:1   | HP: 1/93 [black mamba (8)]
  9476 | Lair:1   | Killed a black mamba
  9477 | Lair:1   | Reached skill level 1 in Invocations
  9837 | Lair:1   | Killed Gastronok
  9838 | Lair:1   | Reached skill level 10 in Unarmed Combat
  9993 | Lair:1   | Noticed a black mamba
 10015 | Lair:1   | Killed a black mamba
 10404 | Lair:1   | Mangled by a komodo dragon

Illustrated notes

Levels and vault maps discovered:
D:1:      mrwooster_arrival_statue, layout_basic, serial_shops,
          nicolae_shop_hallway_stairs, nicolae_shop_tiny_statue_garden,
          minmay_bisected
D:2:      layout_basic, basic_altar, st_stairs_12, kennysheep_another_room
D:3:      layout_rooms, nicolae_wu_jian_wuxing_cycle, gammafunk_ghost_grave,
          uniq_jessica, uniq_grinder, uniq_crazy_yiuf_cottage
D:4:      layout_loops_corners, gup_sewer_entry_glass, minmay_misc_feat_cross,
          minmay_misc_feat_enclosed, kennysheep_small_circle,
          uniq_blork_the_orc, uniq_edmund
D:5:      layout_basic
D:6:      layout_basic, nicolae_sif_muna_condensation, serial_shops, shop
D:7:      layout_basic, grunt_dithmenos_smoke, minmay_temple_entry_offerings
D:8:      layout_loops_ring
D:9:      layout_loops_corners, tso_altar, lair_entry_dummy
Temple:   minmay_crystal_spiral_temple
Lair:1:   layout_concentric_octagons, basic_altar, uniq_gastronok

Skill      XL: |  1  2  3  4  5  6  7  8  9 10 |
---------------+-------------------------------+-----
Dodging        | 3 4 5 6 7 8 |  8.2
Fighting       | 4 5 6 7 9 10 | 10.7
Unarmed Combat | 4 5 6 7 9 10 | 10.5
Invocations    | 3 |  3.5
Armour         | 2 |  2.9

Action                     |  1- 3 |  4- 6 |  7- 9 | 10-12 || total
---------------------------+-------+-------+-------+-------++-------
  Melee: Unarmed           |    68 |   127 |   300 |   125 ||   620
  Evoke: Wand              |       |       |     5 |     2 ||     7
    Use: Scroll            |     1 |     4 |     1 |     3 ||     9
         Potion            |       |       |     1 |     3 ||     4
 Armour: Robe              |    23 |       |       |       ||    23
         Ring mail         |     7 |    66 |   194 |    30 ||   297
         Plate armour      |       |       |       |    90 ||    90
  Dodge: Dodged            |    38 |    69 |   149 |    66 ||   322

Table legend: (Time is in decaauts)
 A = Elapsed time spent in this place.
 B = Non-inter-level travel time spent in this place.
 C = Inter-level travel time spent in this place.
 D = Time resting spent in this place.
 E = Time spent auto-exploring this place.
 F = Levels seen in this place.
 G = Mean time per level.
                   A        B        C        D        E       F      G
               +--------+--------+--------+--------+--------+-----+--------+
         Total |  10323 |   9883 |    440 |    848 |   7257 |  11 |  938.5 |
       Dungeon |   9302 |   9011 |    291 |    703 |   6684 |   9 | 1033.6 |
        Temple |    335 |    186 |    149 |      0 |    183 |   1 |  335.0 |
          Lair |    684 |    684 |      0 |    145 |    390 |   1 |  684.0 |
               +--------+--------+--------+--------+--------+-----+--------+

Top non-repeatable levels by time:
     D:9: 1590 daAuts
     D:4: 1429 daAuts
     D:5: 1179 daAuts
     D:6: 1027 daAuts
     D:7: 985 daAuts
     D:1: 936 daAuts
     D:8: 840 daAuts
     D:2: 743 daAuts
  Lair:1: 684 daAuts
     D:3: 569 daAuts
  Temple: 335 daAuts
